 Dungeon Crawl Stone Soup version 0.20.1-1-g8b1a95d (webtiles) character file.

2217 vishdafish the Fortune-Teller (level 9, -5/68 HPs)
             Began as a Demonspawn Fighter on July 3, 2017.
             Was a Believer of Nemelex Xobeh.
             Slain by an orc warrior
             ... wielding a +0 dire flail
              (15 damage)
             ... on level 8 of the Dungeon.
             The game lasted 00:08:52 (6710 turns).

vishdafish the Fortune-Teller (Demonspawn Fighter)  Turns: 6710, Time: 00:08:53

Health: -5/68      AC: 10    Str: 20    XL:     9   Next: 13%
Magic:  14/14      EV: 13    Int: 10    God:    Nemelex Xobeh [**....]
Gold:   393        SH: 14    Dex: 17    Spells: 8/8 levels left

rFire    . . .     SeeInvis .   a - +0 trident
rCold    . . .     Gourm    .   c - +0 shield
rNeg     . . .     Faith    .   b - +0 scale mail
rPois    .         Spirit   .   q - +0 helmet
rElec    .         Reflect  .   (no cloak)
rCorr    .         Harm     .   C - +1 pair of gloves
MR       .....                  (no boots)
Stlth    +.........             (no amulet)
Regen    0.3/turn               (no ring)
MPRegen  0.2/turn               (no ring)

@: agile, flying
A: talons 2, large bone plates 1, powered by pain 1
a: Renounce Religion


You were on level 8 of the Dungeon.
You worshipped Nemelex Xobeh.
Nemelex Xobeh was pleased with you.
You were not hungry.

You visited 2 branches of the dungeon, and saw 9 of its levels.

You collected 393 gold pieces.

Inventory:

Hand Weapons
 a - a +0 trident (weapon)
Armour
 b - a +0 scale mail (worn)
 c - a +0 shield (worn)
 q - a +0 helmet (worn)
 C - a +1 pair of gloves (worn)
Jewellery
 o - an uncursed ring of ice {unknown}
 y - an uncursed ring of poison resistance {unknown}
Wands
 B - a wand of confusion (15/48)
 F - a wand of enslavement (7/24)
 K - a wand of random effects (23/48)
 O - a wand of iceblast (10/15)
Scrolls
 e - 3 scrolls of remove curse {unknown}
 h - 6 scrolls of amnesia {unknown}
 i - a scroll of immolation {unknown}
 m - 2 scrolls of teleportation {unknown}
 n - 3 scrolls of enchant armour {unknown}
 s - 7 scrolls of identify {unknown}
 t - a scroll of fear {unknown}
 u - 2 scrolls of recharging {unknown}
 D - a scroll of magic mapping {unknown}
 G - 2 scrolls of enchant weapon {unknown}
 J - a scroll of fog {unknown}
 L - a scroll of blinking {unknown}
 M - a scroll of noise {unknown}
 N - a scroll of vulnerability {unknown}
Potions
 d - a potion of might
 g - 4 potions of flight
 j - a potion of agility {unknown}
 l - 2 potions of brilliance {unknown}
 p - 3 potions of curing {unknown}
 v - 2 potions of mutation {unknown}
 w - a potion of ambrosia {unknown}
 x - a potion of magic {unknown}
 z - a potion of invisibility {unknown}
Miscellaneous
 A - a legendary deck of destruction
 I - an ornate deck of summoning
Comestibles
 f - a bread ration
 k - 8 fruits
 r - 4 royal jellies
 H - 2 meat rations


   Skills:
 + Level 5.5 Fighting
 * Level 6.3 Polearms
 + Level 5.3 Armour
 - Level 1.2 Dodging
 - Level 0.2 Stealth
 + Level 5.1 Shields
 * Level 6.7 Invocations


You had 8 spell levels left.
You didn't know any spells.

Dungeon Overview and Level Annotations

Branches:
Dungeon (8/15)             Temple (1/1) D:4
   Lair: D:8-11

Altars:
Ashenzari
Cheibriados
Dithmenos
Elyvilon
Fedhas
Gozag
Hepliaklqana
Kikubaaqudgha
Makhleb
Nemelex Xobeh
Okawaru
Qazlal
Ru
Sif Muna
Trog
Uskayaw
Vehumet
Xom
Yredelemnul
Zin
The Shining One


Innate Abilities, Weirdness & Mutations

You have razor-sharp toenails.
You are partially covered in large bone plates. (SH +4)
You sometimes gain a little power by taking damage.


Message History

You feel agile all of a sudden.
You hear a howl!
You feel much better.
The electric eel shoots out a bolt of lightning at you!
The bolt of electricity hits you!
A howler monkey comes into view.
The orc priest calls down the wrath of Beogh upon you.
Beogh smites you!
* * * LOW HITPOINT WARNING * * *
You see here an adder corpse.
It was a potion of flight.
You feel very buoyant.
You fly up into the air.
The orc warrior hits you with a dire flail.
* * * LOW HITPOINT WARNING * * *
You puncture the orc warrior! Your kick misses the orc warrior.
The orc warrior is moderately wounded.
The orc warrior hits you with a dire flail!
You die...
Your body disappears without a glow.

#.#
#.....#
#.!≈≈≈oh..
#.#
#....o#
#(.≈≈≈≈≈..
#.....#
#..≈≈≈≈≈..
#.....#
#..≈≈≈≈...
#.....#
#..≈≈≈≈...
#.....#
#......%..
#.....###
#########.
#......o##
########@#
###


You could see an orc warrior.

Vanquished Creatures
  The ghost of tognito the Cleaver, a novice MiBe of Trog (D:5)
  A hippogriff (D:7)
  Menkaure (D:4)
  An orc warrior (D:6)
  2 ogres
  A phantom (D:8)
  A bullfrog (D:8)
  A gnoll sergeant (D:7)
  A scorpion (D:4)
  A water moccasin skeleton (D:4)
  2 crimson imps
  A centaur skeleton (D:4)
  A jelly (D:7)
  4 hounds
  2 orc priests
  7 orc wizards
  A bullfrog skeleton (D:5)
  Ijyb (D:3)
  Jessica (D:3)
  An iguana (D:4)
  6 worker ants
  Terence (D:1)
  A worker ant zombie (D:6)
  Robin (D:2)
  12 gnolls
  7 adders
  A shadow imp (D:6)
  An ooze (D:1)
  An adder zombie (D:7)
  An adder skeleton (D:4)
  2 worms
  A dart slug (D:1)
  5 orcs
  A bat (D:3)
  4 giant cockroaches
  5 hobgoblins
  4 jackals
  3 quokkas
  A ball python (D:3)
  3 frilled lizards
  14 goblins
  4 kobolds
  2 rats
113 creatures vanquished.

Vanquished Creatures (others)
  An ogre (D:4)
  An adder (D:4)
2 creatures vanquished.

Grand Total: 115 creatures vanquished

Notes
Turn   | Place    | Note
-------+----------+-------------------------------------------
     0 | D:1      | vishdafish the Demonspawn Fighter began the quest for the Orb.
     0 | D:1      | Reached XP level 1. HP: 18/18 MP: 1/1
   136 | D:1      | Gained mutation: You have sharp toenails. [demonic ancestry]
   136 | D:1      | Reached XP level 2. HP: 24/24 MP: 2/2
   435 | D:2      | Noticed Robin
   437 | D:2      | Noticed Terence
   691 | D:1      | Gained mutation: You have razor-sharp toenails. [demonic ancestry]
   691 | D:1      | Reached XP level 3. HP: 17/29 MP: 3/3
   700 | D:1      | Killed Terence
   911 | D:2      | Killed Robin
  1350 | D:3      | Reached XP level 4. HP: 35/35 MP: 4/4
  1518 | D:3      | Noticed Ijyb
  1520 | D:3      | Paralysed by Ijyb for 6 turns
  1531 | D:3      | Paralysed by Ijyb for 4 turns
  1543 | D:3      | Paralysed by Ijyb for 5 turns
  1553 | D:3      | Paralysed by Ijyb for 3 turns
  1559 | D:3      | Paralysed by Ijyb for 5 turns
  1567 | D:3      | Killed Ijyb
  1639 | D:3      | Noticed Jessica
  1642 | D:3      | Killed Jessica
  1677 | D:3      | Reached XP level 5. HP: 38/41 MP: 5/5
  2159 | D:4      | Got a crude shield
  2170 | D:4      | Identified the +0 shield "Tywichiabo" {rElec rF- Int+4} (You found it on level 4 of the Dungeon)
  2218 | D:4      | Killed an ogre
  2229 | D:4      | Reached XP level 6. HP: 23/47 MP: 6/6
  2478 | D:4      | Reached skill level 1 in Dodging
  2510 | D:4      | HP: 1/47 [ogre/giant club (16)]
  2915 | D:4      | Found a staircase to the Ecumenical Temple.
  3153 | Temple   | Entered the Ecumenical Temple
  3265 | Temple   | Became a worshipper of Nemelex Xobeh the Trickster
  3361 | D:4      | Reached skill level 1 in Invocations
  3407 | D:4      | Received a gift from Nemelex Xobeh
  3427 | D:4      | Noticed Menkaure
  3436 | D:4      | Killed Menkaure
  3436 | D:4      | Gained mutation: You are partially covered in large bone plates. (SH +4) [demonic ancestry]
  3436 | D:4      | Reached XP level 7. HP: 19/54 MP: 6/8
  3919 | D:5      | Entered Level 5 of the Dungeon
  4155 | D:5      | Noticed tognito's ghost (novice MiBe)
  4174 | D:5      | Killed tognito's ghost
  4174 | D:5      | Reached skill level 5 in Polearms
  4402 | D:5      | Reached * piety under Nemelex Xobeh
  4567 | D:6      | Gained mutation: You sometimes gain a little power by taking damage. [demonic ancestry]
  4567 | D:6      | Reached XP level 8. HP: 61/61 MP: 11/11
  5262 | D:6      | Received a gift from Nemelex Xobeh
  5300 | D:6      | Reached skill level 5 in Invocations
  5409 | D:7      | Noticed a hippogriff
  5421 | D:7      | Killed a hippogriff
  5421 | D:7      | Reached skill level 5 in Fighting
  5421 | D:7      | Reached skill level 5 in Armour
  5524 | D:7      | Reached ** piety under Nemelex Xobeh
  6363 | D:7      | Reached skill level 5 in Shields
  6547 | D:8      | Reached XP level 9. HP: 68/68 MP: 13/13
  6688 | D:8      | HP: 1/68 [electric eel/bolt of electricity (12)]
  6710 | D:8      | Slain by an orc warrior

Skill      XL: |  1  2  3  4  5  6  7  8 |
---------------+-------------------------+-----
Shields        | 3 4 5 |  5.1
Armour         | 3 4 5 |  5.3
Polearms       | 2 3 4 5 6 |  6.3
Dodging        | 1 |  1.2
Invocations    | 2 4 6 |  6.7
Fighting       | 4 5 |  5.5
Stealth        | |  0.2

Action                   |  1- 3 |  4- 6 |  7- 9 || total
-------------------------+-------+-------+-------++-------
Melee: Trident           |    64 |   157 |   327 ||   548
       Kick              |    14 |    38 |    86 ||   138
  Use: Potion            |       |     1 |     3 ||     4
 Stab: Distracted        |     1 |       |       ||     1
  Eat: Meat ration       |     1 |       |       ||     1
       Bread ration      |       |     2 |       ||     2
       Chunk             |       |       |     5 ||     5
Armor: Scale mail        |    35 |    64 |    97 ||   196
Dodge: Dodged            |    11 |    36 |    87 ||   134
Block: Shield            |    29 |    47 |   205 ||   281
       Other             |       |       |     1 ||     1
